cohdb
Replays
Latest Replays
All Replays
Popular Replays
Top Player Replays
Match Explorer
How It Works
Community
CoH3 Stats
Reddit
Sign in to upload your games and track your stats! →
Sign in with Steam
Match 42339189
Unlisted
Match 42339189
Overview
Messages
Build Orders
End
Vickers Machine Gun Team
Construct Section Command Post
Selects Canadian Shock Battlegroup
Dingo Light Scout Car
Infantry Section
Selects Attacking Spirit
Selects Canadian Shock Section
Canadian Shock Section
Construct Platoon Command Post
6-pounder Anti-tank Gun Team
Selects Incendiary Munitions
Canadian Shock Section
Construct Company Command Post
Crusader II Medium Tank
Selects Pyrotechnics
Infantry Section
Construct Field Infirmary
Infantry Section
Unlock M3 Grant Medium Tanks
M3 Grant Medium Tank
M3 Grant Medium Tank
Selects Churchill Crocodile Heavy Tank
Selects Churchill Crocodile Heavy Tank
Churchill Crocodile Heavy Tank
Canadian Shock Section
Canadian Shock Section
Royal Engineer Section
Selects Smoke Operation
mp5
Dawes
johnson
Master_Your_Sleep
eXellenT2k
enjo
Wlochaty Dzik
Tomuszek
0
0
Comments
sign in to comment!
No comments posted yet!